[Event "Titled Tuesday Blitz March 07 Early 2023"]
[White "Hakobyan, Aram"]
[Black "Rustemov, Alexander"]
[WhiteFideId "13306677"]
[BlackFideId "4119002"]
[WhiteElo "2563"]
[BlackElo "2900"]
[Result "1-0"]
[Round "06"]
[TimeControl "180+2"]
[Date "2023.03.07"]
[WhiteClock "0:01:46"]
[BlackClock "0:00:01"]

1. d4 d5 2. Nf3 Nf6 3. c3 Bf5 4. Qb3 b6 5. c4 e6 6. cxd5 exd5 7. Nc3 c6 8. Bg5 Be7 9. e3 O-O 10. Be2 Nbd7 11. O-O h6 12. Bh4 Rc8 13. Ba6 Rc7 14. Bg3 Nb8 15. Bxc7 Qxc7 16. Be2 Qb7 17. Ne5 Nbd7 18. Nxd7 Bxd7 19. Rac1 Rd8 20. Bd3 Be6 21. Qc2 c5 22. Bf5 Bxf5 23. Qxf5 c4 24. a3 b5 25. Rfe1 a5 26. e4 b4 27. axb4 Bxb4 28. exd5 Kf8 29. h3 Qd7 30. Qc2 Rc8 31. Re2 g6 32. Qa4 Qxa4 33. Nxa4 Nxd5 34. Rec2 Nf4 35. Rxc4 Re8 36. Kf1 Nd3 37. Rd1 1-0


[Site "https://www.chess.com"]

[Event "Titled Tuesday Blitz March 07 Early 2023"]
[White "Matlakov, Maxim"]
[Black "Bluebaum, Matthias"]
[WhiteFideId "4168003"]
[BlackFideId "24651516"]
[WhiteElo "2666"]
[BlackElo "2638"]
[Result "1/2-1/2"]
[Round "06"]
[TimeControl "180+2"]
[Date "2023.03.07"]
[WhiteClock "0:00:13"]
[BlackClock "0:00:10"]

1. d4 d5 2. c4 e6 3. Nf3 Nf6 4. g3 Nc6 5. Bg2 Bd6 6. O-O O-O 7. Nbd2 a5 8. Qc2 Nb4 9. Qb1 c5 10. dxc5 Bxc5 11. b3 d4 12. Bb2 Nc6 13. Ne4 Nxe4 14. Qxe4 f5 15. Qf4 Bd6 16. Qd2 e5 17. e3 Bb4 18. Qc1 Re8 19. exd4 e4 20. Ne1 Nxd4 21. Bxd4 Qxd4 22. Nc2 Qc5 23. Nxb4 axb4 24. Rd1 Be6 25. Qf4 Red8 26. g4 Rf8 27. gxf5 Rxf5 28. Qe3 Qxe3 29. fxe3 Rg5 30. Kh1 Bg4 31. Rd5 Rxd5 32. cxd5 Bf5 33. h4 g6 34. Kh2 Kf7 35. Kg3 Ra5 36. Kf4 Rxd5 37. Bxe4 Bxe4 38. Kxe4 Rh5 39. Rh1 Ke6 40. Kf3 g5 41. Rc1 Rxh4 42. Rc7 h5 43. Rxb7 Rh3+ 44. Ke4 Rg3 45. Rb6+ Kf7 46. Kf5 h4 47. Rb7+ Ke8 48. Rh7 h3 49. e4 Rg2 50. e5 h2 51. Kf6 Rf2+ 52. Kxg5 Rxa2 53. Kf6 Rf2+ 54. Ke6 Kd8 55. Kd6 Rd2+ 56. Kc5 Re2 57. Kxb4 Rxe5 58. Rxh2 Kc7 59. Rh6 Kb8 60. Ka4 Re8 61. b4 Re5 62. b5 Re1 63. Ka5 Re8 64. Ka6 Rf8 65. b6 Rg8 66. Rh7 Rf8 67. Rb7+ Ka8 68. Ra7+ Kb8 69. Rb7+ Ka8 70. Ra7+ Kb8 71. Rb7+ 1/2-1/2


[Site "https://www.chess.com"]

[Event "Titled Tuesday Blitz March 07 Early 2023"]
[White "Tsydypov, Zhamsaran"]
[Black "Madaminov, Mukhiddin"]
[WhiteFideId "4108566"]
[BlackFideId "14210703"]
[WhiteElo "2584"]
[BlackElo "2511"]
[Result "1-0"]
[Round "06"]
[TimeControl "180+2"]
[Date "2023.03.07"]
[WhiteClock "0:01:03"]
[BlackClock "0:00:04"]

1. Nf3 Nf6 2. c4 g6 3. g3 Bg7 4. Bg2 O-O 5. O-O d5 6. cxd5 Nxd5 7. d4 Nb6 8. Nc3 Nc6 9. e3 e5 10. d5 Na5 11. e4 c6 12. Bg5 f6 13. Be3 cxd5 14. exd5 Nac4 15. Bc5 Rf7 16. b3 Rc7 17. b4 Bf8 18. Nb5 Rd7 19. Qb3 Rxd5 20. Nc3 Be6 21. Nxd5 Bxc5 22. bxc5 Bxd5 23. cxb6 Nd2 24. Qd1 Nxf1 25. bxa7 Nxg3 26. hxg3 Qa5 27. Rc1 Rxa7 28. Nxe5 Bxg2 29. Rc8+ Kg7 30. Qd7+ Kh6 31. Nf7+ Kh5 32. Kxg2 b6 33. Qh3# 1-0


[Site "https://www.chess.com"]

[Event "Titled Tuesday Blitz March 07 Early 2023"]
[White "Corrales Jimenez, Fidel"]
[Black "Andreikin, Dmitry"]
[WhiteFideId "3506690"]
[BlackFideId "4158814"]
[WhiteElo "2541"]
[BlackElo "2736"]
[Result "1/2-1/2"]
[Round "06"]
[TimeControl "180+2"]
[Date "2023.03.07"]
[WhiteClock "0:00:09"]
[BlackClock "0:00:11"]

1. d4 d5 2. Nf3 Nf6 3. c4 e6 4. Nc3 c6 5. cxd5 exd5 6. Bg5 h6 7. Bh4 Bf5 8. e3 Nbd7 9. Bd3 Bxd3 10. Qxd3 Bd6 11. O-O O-O 12. Rab1 a5 13. a3 Re8 14. Qc2 Qb8 15. Bxf6 Nxf6 16. h3 Qd8 17. b4 axb4 18. axb4 b5 19. Ne1 Bb8 20. Nd3 Qd6 21. g3 Rxe3 22. fxe3 Qxg3+ 23. Qg2 Qxe3+ 24. Kh1 Nh5 25. Rf3 Qxd4 26. Ne2 Qe4 27. Qg4 Qxe2 28. Qc8+ Kh7 29. Qf5+ g6 30. Qxf7+ Ng7 31. Nf2 Ra7 32. Qf6 Be5 33. Qf8 Bd6 34. Qf6 Nh5 35. Qc3 Be5 36. Qd3 Ra2 37. Rf7+ Ng7 38. Qxe2 Rxe2 39. Ng4 Bd4 40. Rbf1 Re4 41. Rc7 h5 42. Nf6+ Bxf6 43. Rxf6 Rxb4 44. Rff7 Kh6 45. Rxg7 Rc4 46. Kg2 Kg5 47. Rcd7 b4 48. Rd6 b3 49. Rdxg6+ Kf5 50. Rg5+ Kf4 51. R5g6 b2 52. Rb7 Rc2+ 53. Kh1 c5 54. Rg2 Rc1+ 55. Rg1 Rc2 56. Rb1 c4 57. R7xb2 Rxb2 58. Rxb2 c3 59. Rb5 d4 60. Rc5 Ke3 61. Kg2 Kd2 62. Kf3 c2 63. Ke4 d3 64. h4 Ke2 65. Rc3 d2 66. Rxc2 Ke1 67. Rxd2 Kxd2 68. Kf5 Ke3 69. Kg5 Ke4 70. Kxh5 Kf5 71. Kh6 Kf6 72. Kh7 Kf7 73. h5 Kf8 74. h6 Kf7 75. Kh8 Kf8 76. h7 Kf7 1/2-1/2


[Site "https://www.chess.com"]

[Event "Titled Tuesday Blitz March 07 Early 2023"]
[White "Nogerbek, Kazybek"]
[Black "Dubov, Daniil"]
[WhiteFideId "13710427"]
[BlackFideId "24126055"]
[WhiteElo "2501"]
[BlackElo "2802"]
[Result "1/2-1/2"]
[Round "06"]
[TimeControl "180+2"]
[Date "2023.03.07"]
[WhiteClock "0:01:28"]
[BlackClock "0:01:54"]

1. d4 Nf6 2. Nf3 d5 3. c3 c5 4. dxc5 e6 5. Be3 Be7 6. g3 O-O 7. Bg2 a5 8. O-O Na6 9. c4 Nxc5 10. Nc3 b6 11. cxd5 Nxd5 12. Nxd5 exd5 13. Nd4 Bb7 14. Rc1 Rc8 15. Nf5 Bf6 16. Bd4 Re8 17. Ne3 1/2-1/2


[Site "https://www.chess.com"]

[Event "Titled Tuesday Blitz March 07 Early 2023"]
[White "Pranav, V"]
[Black "Santos Ruiz, Miguel"]
[WhiteFideId "25060783"]
[BlackFideId "22291482"]
[WhiteElo "2500"]
[BlackElo "2504"]
[Result "1-0"]
[Round "06"]
[TimeControl "180+2"]
[Date "2023.03.07"]
[WhiteClock "0:00:10"]
[BlackClock "0:00:10"]

1. e4 e5 2. Nf3 Nc6 3. Bb5 Nf6 4. d3 Bc5 5. O-O Nd4 6. Nxd4 Bxd4 7. Nd2 c6 8. Ba4 d6 9. h3 h6 10. Nf3 Bb6 11. c3 O-O 12. Re1 Re8 13. Bc2 d5 14. Qe2 dxe4 15. dxe4 Nh5 16. Kh2 Qf6 17. g3 Qe6 18. Ng1 Qg6 19. Bb3 Nf6 20. Kg2 Nd7 21. Be3 Nc5 22. Bxc5 Bxc5 23. Nf3 Qf6 24. Nh2 h5 25. Rad1 g6 26. Nf3 Kg7 27. Rd3 a5 28. Nh4 a4 29. Rf3 Qxf3+ 30. Nxf3 axb3 31. axb3 Be6 32. b4 Bd6 33. Rd1 Bc7 34. Ng5 Bc8 35. Qc4 Re7 36. b5 f6 37. Nf3 cxb5 38. Qxb5 Ra6 39. b4 Rc6 40. c4 Rf7 41. c5 f5 42. Ng5 Re7 43. h4 Rf6 44. Rd2 Bd7 45. Rxd7 1-0


[Site "https://www.chess.com"]

[Event "Titled Tuesday Blitz March 07 Early 2023"]
[White "Alekseenko, Kirill"]
[Black "Krzyzanowski, Marcin"]
[WhiteFideId "4135539"]
[BlackFideId "1132199"]
[WhiteElo "2683"]
[BlackElo "2471"]
[Result "0-1"]
[Round "06"]
[TimeControl "180+2"]
[Date "2023.03.07"]
[WhiteClock "0:00:44"]
[BlackClock "0:00:33"]

1. d4 Nf6 2. Nc3 d5 3. Bf4 e6 4. Nb5 Bb4+ 5. c3 Ba5 6. Nf3 a6 7. Na3 O-O 8. e3 c5 9. Bd3 cxd4 10. exd4 Bc7 11. Bg3 Ne4 12. Nc2 Nc6 13. Qe2 f5 14. Bxc7 Qxc7 15. Nd2 e5 16. dxe5 Nxe5 17. O-O Bd7 18. f3 Nc5 19. Nb4 Nexd3 20. Nxd5 Qd6 21. Ne7+ Kh8 22. b4 Nf4 23. Qe3 Nce6 24. g3 Nh3+ 25. Kg2 Qxe7 26. f4 Nexf4+ 0-1


[Site "https://www.chess.com"]

[Event "Titled Tuesday Blitz March 07 Early 2023"]
[White "Fier, Alexandr"]
[Black "Tabatabaei, M. Amin"]
[WhiteFideId "2107139"]
[BlackFideId "12521213"]
[WhiteElo "2610"]
[BlackElo "2575"]
[Result "1/2-1/2"]
[Round "06"]
[TimeControl "180+2"]
[Date "2023.03.07"]
[WhiteClock "0:00:06"]
[BlackClock "0:00:04"]

1. e4 e5 2. f4 d5 3. exd5 exf4 4. Nf3 Nf6 5. Be2 Nxd5 6. c4 Nf6 7. d4 Bb4+ 8. Nc3 Ne4 9. Qb3 Nc6 10. d5 Bxc3+ 11. bxc3 Ne7 12. Bxf4 Ng6 13. Be3 O-O 14. O-O Re8 15. Bd4 b6 16. Rae1 Bg4 17. Qc2 Ng5 18. Nxg5 Qxg5 19. Bxg4 Qxg4 20. Qf2 f6 21. c5 Rad8 22. d6 cxd6 23. cxb6 axb6 24. Bxb6 Rc8 25. h3 Qc4 26. Bd4 Ra8 27. Qg3 Qd5 28. Rxe8+ Rxe8 29. a4 Ra8 30. Ra1 Ne5 31. Qf2 Nc6 32. Bb6 Qc4 33. Qd2 Rxa4 34. Rxa4 Qxa4 35. Qxd6 Qc4 36. Bc5 h5 37. Qxc6 Qxc3 38. Qe8+ Kh7 39. Qxh5+ Kg8 40. Bf2 Qc1+ 41. Kh2 Qf4+ 42. Bg3 Qe4 43. Qc5 Qe2 44. Qd5+ Kh8 45. Qf3 Qc2 46. Bf4 Kg8 47. h4 Qf5 48. h5 Kh7 49. g4 Qc2+ 50. Kg3 Qb1 51. Be3 Qb3 52. Kh4 Qa2 53. Qe4+ Kg8 54. Bf4 Qf2+ 55. Bg3 Qg1 56. Qf3 Kh7 57. Kh3 Qa1 58. Qe4+ Kh8 59. Qg2 Kh7 60. Bf4 Qd1 61. Kh4 Qe1+ 62. Bg3 Qb1 63. Qf2 Qh1+ 64. Bh2 Kh8 65. g5 fxg5+ 66. Kxg5 Qd5+ 67. Kh4 Qe4+ 68. Qf4 Qe1+ 69. Bg3 Qh1+ 70. Kg5 Qd5+ 71. Qf5 Qd2+ 72. Kh4 Qd8+ 73. Kh3 Qa8 74. Qe5 Qh1+ 75. Kg4 Qd1+ 76. Kg5 Qd8+ 77. Kf4 Qd2+ 78. Kg4 Qd1+ 79. Kh3 Qh1+ 80. Bh2 Qf3+ 81. Kh4 Qf1 82. h6 Qf7 83. Bf4 Kh7 84. Qe4+ Kh8 85. Be5 Qe7+ 86. Kh5 Qe8+ 87. Kg4 Qe6+ 88. Kg3 Qxh6 89. Qf5 Kg8 90. Qc8+ Kh7 91. Qf5+ Qg6+ 92. Kf4 Qxf5+ 93. Kxf5 g5 94. Kxg5 1/2-1/2


[Site "https://www.chess.com"]

[Event "Titled Tuesday Blitz March 07 Early 2023"]
[White "Atakhan, Abtin"]
[Black "Shimanov, Aleksandr"]
[WhiteFideId "22502203"]
[BlackFideId "4198603"]
[WhiteElo "2008"]
[BlackElo "2631"]
[Result "1-0"]
[Round "06"]
[TimeControl "180+2"]
[Date "2023.03.07"]
[WhiteClock "0:00:04"]
[BlackClock "0:00:01"]

1. c4 g6 2. Nf3 Bg7 3. Nc3 c5 4. e3 d6 5. d4 Nc6 6. Be2 Nf6 7. O-O O-O 8. d5 Na5 9. e4 e6 10. h3 exd5 11. exd5 Re8 12. Bf4 a6 13. Bd3 Nh5 14. Bh2 Bxc3 15. bxc3 Qf6 16. Qa4 Qd8 17. Rfe1 Ng7 18. Nd2 Bd7 19. Rxe8+ Nxe8 20. Qc2 f5 21. Re1 Qf6 22. Nb3 Nxb3 23. axb3 Ng7 24. Qd2 g5 25. f4 g4 26. hxg4 fxg4 27. f5 Bxf5 28. Bxf5 Nxf5 29. Re6 Qh4 30. Bxd6 g3 31. Qf4 Qh2+ 32. Kf1 Qh1+ 33. Ke2 Qxg2+ 34. Kd1 Qh1+ 35. Kc2 Qh5 36. Rf6 Nxd6 37. Qxg3+ Kh8 38. Rxd6 Qf5+ 39. Kb2 Rg8 40. Qh2 b5 41. Re6 bxc4 42. Re7 cxb3 43. d6 c4 44. d7 1-0


[Site "https://www.chess.com"]

[Event "Titled Tuesday Blitz March 07 Early 2023"]
[White "Lortkipanidze, Nodar"]
[Black "Durarbayli, Vasif"]
[WhiteFideId "13604058"]
[BlackFideId "13402935"]
[WhiteElo "2336"]
[BlackElo "2543"]
[Result "0-1"]
[Round "06"]
[TimeControl "180+2"]
[Date "2023.03.07"]
[WhiteClock "0:00:20"]
[BlackClock "0:00:09"]

1. e4 c5 2. c3 d5 3. exd5 Qxd5 4. d4 Nf6 5. Nf3 e6 6. Bd3 Be7 7. O-O O-O 8. c4 Qh5 9. Nc3 cxd4 10. Nxd4 Rd8 11. Qxh5 Nxh5 12. Be3 e5 13. Nf5 Bf8 14. Bc2 Nc6 15. Rad1 Be6 16. b3 g6 17. Ng3 Nf4 18. Rfe1 Bb4 19. Nge4 Nd4 20. Bb1 Nde2+ 21. Nxe2 Nxe2+ 22. Kf1 Bxe1 23. Rxe1 Nf4 24. Nc5 b6 25. Na6 Nd3 26. Rd1 Nc5 27. Rxd8+ Rxd8 28. Nxc5 Rd1+ 29. Ke2 Rxb1 30. Nd3 f6 31. f3 Bf5 32. Nb4 Rb2+ 33. Bd2 Bb1 34. Kd1 Bxa2 35. Kc1 Rxd2 36. Kxd2 Bxb3 37. Kc3 Ba4 38. Nd5 Kf7 39. Ne3 Ke6 40. Nc2 Bxc2 41. Kxc2 Kd6 0-1


[Site "https://www.chess.com"]

[Event "Titled Tuesday Blitz March 07 Early 2023"]
[White "Aradhya, Garg"]
[Black "Bok, Benjamin"]
[WhiteFideId "25006746"]
[BlackFideId "1017063"]
[WhiteElo "2263"]
[BlackElo "2658"]
[Result "0-1"]
[Round "06"]
[TimeControl "180+2"]
[Date "2023.03.07"]
[WhiteClock "0:00:02"]
[BlackClock "0:00:01"]

1. d4 Nf6 2. c4 e6 3. Nf3 d5 4. Nc3 c6 5. e3 Nbd7 6. Qc2 Bd6 7. Be2 O-O 8. O-O dxc4 9. Bxc4 b5 10. Be2 Bb7 11. Rd1 Qc7 12. Bd2 Rfe8 13. b4 a5 14. Rac1 Qb8 15. bxa5 Rxa5 16. Ne4 Ra4 17. Nxd6 Qxd6 18. e4 Qa3 19. e5 Nd5 20. Qe4 Qe7 21. Bd3 Nf8 22. Qg4 Rxa2 23. h4 f5 24. exf6 Qxf6 25. Re1 Rea8 26. h5 h6 27. Kh2 Rb2 28. Re2 Raa2 29. Rce1 Bc8 30. g3 Bd7 31. Kg2 e5 32. Qe4 exd4 33. Bc1 Rxe2 34. Bxe2 Nc3 35. Qd3 Rxe2 36. Rxe2 Nxe2 37. Qxe2 c5 38. Bf4 Bc6 39. Kh2 Qe6 40. Ne5 c4 41. Qd1 d3 42. Qa1 Qd5 43. f3 Bb7 44. Qa7 d2 45. Bxd2 Qxd2+ 46. Kh3 Qd5 47. f4 c3 48. Qb8 c2 49. Ng6 Qh1+ 0-1


[Site "https://www.chess.com"]

[Event "Titled Tuesday Blitz March 07 Early 2023"]
[White "Wagner, Dennis"]
[Black "Narayanan.S.L"]
[WhiteFideId "24650684"]
[BlackFideId "5058422"]
[WhiteElo "2470"]
[BlackElo "2547"]
[Result "0-1"]
[Round "06"]
[TimeControl "180+2"]
[Date "2023.03.07"]
[WhiteClock "0:00:02"]
[BlackClock "0:01:39"]

1. Nf3 g6 2. c4 Bg7 3. e4 e5 4. Nc3 Nc6 5. d3 d6 6. Be2 Bg4 7. Be3 Bxf3 8. Bxf3 Nf6 9. Qd2 Nd7 10. h4 h5 11. O-O-O Nd4 12. Kb1 c6 13. Ne2 Nc5 14. Nxd4 exd4 15. Bg5 Qb6 16. Rc1 a5 17. Bd1 a4 18. Rh3 a3 19. b3 Na4 20. Qf4 Be5 21. Qd2 Nc3+ 22. Ka1 Qa5 23. f4 Bg7 24. f5 Be5 25. fxg6 fxg6 26. Rf3 Rf8 27. Rxf8+ Kxf8 28. Bc2 Kg8 29. Rf1 Rf8 30. Rxf8+ Kxf8 31. Qf2+ Kg8 32. Bh6 Nxe4 33. Qf8+ Kh7 34. Bc1 Qc3+ 35. Kb1 Nd2+ 36. Bxd2 Qb2# 0-1


[Site "https://www.chess.com"]

[Event "Titled Tuesday Blitz March 07 Early 2023"]
[White "Weetik, Vjacheslav"]
[Black "Terry, Renato"]
[WhiteFideId "4153472"]
[BlackFideId "3803457"]
[WhiteElo "2469"]
[BlackElo "2579"]
[Result "0-1"]
[Round "06"]
[TimeControl "180+2"]
[Date "2023.03.07"]
[WhiteClock "0:00:01"]
[BlackClock "0:01:29"]

1. e4 e6 2. d4 d5 3. exd5 exd5 4. Nf3 Nc6 5. Bb5 Bg4 6. h3 Bh5 7. Qe2+ Qe7 8. Be3 f6 9. Nc3 Qd7 10. O-O-O O-O-O 11. Ba4 Bb4 12. Nb5 Kb8 13. Rd3 Na5 14. Bf4 Rc8 15. Nxc7 Qxa4 16. Nxd5+ Ka8 17. b3 Qxa2 18. Nxb4 Qa3+ 19. Kb1 Qxb4 20. Bd2 Qb5 21. c4 Nxc4 0-1


[Site "https://www.chess.com"]

[Event "Titled Tuesday Blitz March 07 Early 2023"]
[White "Kamsky, Gata"]
[Black "Klabis, Rokas"]
[WhiteFideId "2000024"]
[BlackFideId "12805246"]
[WhiteElo "2666"]
[BlackElo "2288"]
[Result "1-0"]
[Round "06"]
[TimeControl "180+2"]
[Date "2023.03.07"]
[WhiteClock "0:01:34"]
[BlackClock "0:00:57"]

1. e4 e5 2. Nf3 Nc6 3. Bb5 Nge7 4. c3 a6 5. Ba4 g6 6. d4 exd4 7. cxd4 Bg7 8. d5 b5 9. Bb3 Na5 10. d6 cxd6 11. Qxd6 Nxb3 12. axb3 O-O 13. O-O Bb7 14. Re1 Re8 15. Nc3 Nc6 16. Bg5 Qb8 17. Qxd7 Nb4 18. Rad1 Bc6 19. Qh3 Qb7 20. Bh6 Bf6 21. Ng5 Nc2 22. Re2 Nd4 23. Re3 Ne6 24. Nxh7 Kxh7 25. Bg5+ 1-0


[Site "https://www.chess.com"]

[Event "Titled Tuesday Blitz March 07 Early 2023"]
[White "Rastbod, Ali"]
[Black "Demchenko, Anton"]
[WhiteFideId "12567477"]
[BlackFideId "4160258"]
[WhiteElo "2211"]
[BlackElo "2545"]
[Result "0-1"]
[Round "06"]
[TimeControl "180+2"]
[Date "2023.03.07"]
[WhiteClock "0:01:12"]
[BlackClock "0:02:02"]

1. e4 c5 2. Nc3 d6 3. g3 Nc6 4. Bg2 e6 5. Nge2 Nf6 6. O-O Be7 7. d4 cxd4 8. Nxd4 Bd7 9. Ndb5 Qb8 10. Bf4 Ne5 11. a4 a6 12. Na3 b5 13. axb5 axb5 14. Ne2 b4 15. Bxe5 dxe5 16. b3 bxa3 0-1


[Site "https://www.chess.com"]

[Event "Titled Tuesday Blitz March 07 Early 2023"]
[White "Ozer, Omer Faruk"]
[Black "Steinberg, Nitzan"]
[WhiteFideId "6354564"]
[BlackFideId "2801795"]
[WhiteElo "2260"]
[BlackElo "2486"]
[Result "0-1"]
[Round "06"]
[TimeControl "180+2"]
[Date "2023.03.07"]
[WhiteClock "0:00:09"]
[BlackClock "0:00:28"]

1. d4 Nf6 2. Nf3 g6 3. c4 Bg7 4. Nc3 O-O 5. Bg5 d6 6. e3 Nbd7 7. Be2 e5 8. O-O h6 9. Bh4 a6 10. Qc2 g5 11. Bg3 Nh5 12. Rfd1 Nxg3 13. hxg3 f5 14. dxe5 dxe5 15. c5 Kh8 16. c6 bxc6 17. Na4 Qf6 18. Rac1 e4 19. Nd4 f4 20. Qxc6 fxg3 21. Qxa8 gxf2+ 22. Kf1 Qe5 23. Bg4 Qh2 24. Bh3 g4 25. Bxg4 Qg1+ 26. Ke2 f1=Q+ 27. Rxf1 Qxg2+ 0-1


[Site "https://www.chess.com"]

[Event "Titled Tuesday Blitz March 07 Early 2023"]
[White "Hamitevici, Vladimir"]
[Black "Gholami Orimi, Mahdi"]
[WhiteFideId "13902393"]
[BlackFideId "12558486"]
[WhiteElo "2401"]
[BlackElo "2363"]
[Result "0-1"]
[Round "06"]
[TimeControl "180+2"]
[Date "2023.03.07"]
[WhiteClock "0:00:05"]
[BlackClock "0:01:17"]

1. Nf3 d5 2. g3 Nd7 3. d4 Nb6 4. Bg2 Bf5 5. a4 a5 6. O-O e6 7. Nc3 Nf6 8. Nh4 Bg4 9. h3 Bh5 10. g4 Bg6 11. Bg5 c6 12. e4 dxe4 13. Nxe4 Bxe4 14. Bxe4 h6 15. Bxf6 Qxf6 16. Ng2 h5 17. Qf3 hxg4 18. Qxf6 gxf6 19. hxg4 Nc4 20. Rfd1 Bh6 21. f4 O-O-O 22. b3 Nd6 23. Bf3 Bg7 24. c3 f5 25. g5 Rh3 26. Kf2 Ne4+ 27. Bxe4 fxe4 28. Rac1 Rdh8 29. Re1 Rf3+ 30. Kg1 Rhh3 31. Rxe4 Rxc3 32. Rxc3 Rxc3 33. g6 fxg6 34. Rxe6 Bxd4+ 35. Kh2 Rxb3 36. Rxg6 Ra3 37. f5 Be5+ 38. Kg1 Rf3 39. Nh4 Rf4 40. Rh6 Bg7 41. Rh7 Bf6 42. Ng6 Rxf5 43. Kg2 Rg5+ 44. Kf3 Rxg6 0-1


[Site "https://www.chess.com"]

[Event "Titled Tuesday Blitz March 07 Early 2023"]
[White "Manelyuk, Daniil"]
[Black "Ibarra Jerez, Jose Carlos"]
[WhiteFideId "44173920"]
[BlackFideId "2226332"]
[WhiteElo "2259"]
[BlackElo "2638"]
[Result "0-1"]
[Round "06"]
[TimeControl "180+2"]
[Date "2023.03.07"]
[WhiteClock "0:00:03"]
[BlackClock "0:00:39"]

1. e4 c5 2. Nf3 e6 3. c4 Nc6 4. Nc3 Nf6 5. Be2 e5 6. O-O g6 7. d3 Bg7 8. Bg5 h6 9. Bxf6 Bxf6 10. Nd5 Bg7 11. Nd2 O-O 12. a3 a5 13. Rb1 d6 14. b4 b6 15. b5 Nd4 16. Bg4 f5 17. Bh3 Ra7 18. Nb3 Ne6 19. f4 exf4 20. Nxf4 Ng5 21. Nd2 Nxh3+ 22. gxh3 Be5 23. Ng2 f4 24. h4 Rg7 25. Nf3 g5 26. hxg5 hxg5 27. d4 cxd4 28. Nxd4 g4 29. Nc6 Qf6 30. Nxe5 dxe5 31. c5 g3 32. hxg3 Rxg3 33. Rf3 Rg7 34. c6 Bg4 35. Qd5+ Kh7 36. Rf2 f3 37. Ne3 Be6+ 38. Kh1 Bxd5 39. Rh2+ Kg8 40. Nxd5 Qg6 41. c7 f2 42. Rxf2 Qxe4+ 0-1


[Site "https://www.chess.com"]

[Event "Titled Tuesday Blitz March 07 Early 2023"]
[White "Leiva, Gianmarco"]
[Black "Vokhidov, Shamsiddin"]
[WhiteFideId "3804399"]
[BlackFideId "14204223"]
[WhiteElo "2345"]
[BlackElo "2570"]
[Result "1/2-1/2"]
[Round "06"]
[TimeControl "180+2"]
[Date "2023.03.07"]
[WhiteClock "0:00:06"]
[BlackClock "0:00:04"]

1. e4 g6 2. d4 Nf6 3. c3 Nxe4 4. h4 h5 5. Bd3 d5 6. Nh3 Bg7 7. Nd2 Bf5 8. Nxe4 dxe4 9. Bc4 e6 10. Ng5 Nd7 11. Qe2 Nf6 12. Bf4 O-O 13. Be5 Ng4 14. Bxg7 Kxg7 15. Nxe4 Bxe4 16. Qxe4 c6 17. f3 Nf6 18. Qe5 b5 19. Bb3 a5 20. a3 Qb8 21. Qxb8 Raxb8 22. Kf2 Rfd8 23. Ke3 Nd5+ 24. Bxd5 Rxd5 25. Rhd1 a4 26. Rd2 Rbd8 27. Re2 c5 28. dxc5 Rxc5 29. Kf2 Kf6 30. Rae1 Rc4 31. Kg3 Rd5 32. Re4 Rd2 33. Rxc4 bxc4 34. Re4 Rxb2 35. Rxc4 Rb3 36. Rxa4 Rxc3 37. Ra7 e5 38. Kh2 Ke6 39. a4 Rc4 40. Kg3 f6 41. a5 Ra4 42. Ra6+ Kf5 43. Kh3 Ra3 44. Kh2 Ra1 45. Kg3 g5 46. hxg5 Kxg5 47. Ra8 h4+ 48. Kh2 f5 49. a6 Kf4 50. Rh8 Rxa6 51. Rxh4+ Ke3 52. Rh5 Rf6 53. Rh8 e4 54. fxe4 fxe4 55. Re8 Kf2 56. Kh3 e3 57. g3 e2 58. Kh4 e1=Q 59. Rxe1 Kxe1 60. g4 Kf2 61. g5 Rc6 62. Kh5 Kg3 63. g6 Kf4 64. g7 Rc8 65. Kg6 Ke5 66. Kh7 Rc7 67. Kh8 Rxg7 68. Kxg7 1/2-1/2


[Site "https://www.chess.com"]

[Event "Titled Tuesday Blitz March 07 Early 2023"]
[White "Odegov, Artem"]
[Black "Zakhartsov, Vladimir"]
[WhiteFideId "34183644"]
[BlackFideId "4145097"]
[WhiteElo "2300"]
[BlackElo "2521"]
[Result "0-1"]
[Round "06"]
[TimeControl "180+2"]
[Date "2023.03.07"]
[WhiteClock "0:00:01"]
[BlackClock "0:00:04"]

1. d4 f6 2. Nf3 e6 3. c4 g6 4. Nc3 Bg7 5. e4 Ne7 6. Be3 d5 7. cxd5 exd5 8. e5 fxe5 9. dxe5 O-O 10. Be2 Nbc6 11. Qb3 Nxe5 12. O-O-O c6 13. Rhe1 Nf7 14. Nd4 Nf5 15. Nxf5 Bxf5 16. Bc5 Re8 17. Bf3 Rxe1 18. Rxe1 Ne5 19. Be2 b6 20. Be3 Kh8 21. Rd1 Qe7 22. h3 Be6 23. Qc2 Rd8 24. g4 c5 25. f4 Nc6 26. Bf3 Nb4 27. Qg2 d4 28. f5 Bf7 29. a3 dxc3 30. Rxd8+ Qxd8 31. axb4 cxb2+ 32. Kb1 Qd3+ 33. Qc2 Ba2+ 34. Kxa2 Qxc2 35. Ka3 b1=Q 36. bxc5 Qbb3# 0-1


[Site "https://www.chess.com"]

[Event "Titled Tuesday Blitz March 07 Early 2023"]
[White "Sielecki, Christof"]
[Black "Narayanan, Srinath"]
[WhiteFideId "4620437"]
[BlackFideId "5018420"]
[WhiteElo "2443"]
[BlackElo "2438"]
[Result "1/2-1/2"]
[Round "06"]
[TimeControl "180+2"]
[Date "2023.03.07"]
[WhiteClock "0:00:10"]
[BlackClock "0:01:17"]

1. e4 c5 2. Nf3 d6 3. Bb5+ Nd7 4. c3 Nf6 5. Qe2 a6 6. Ba4 b5 7. Bc2 Bb7 8. d4 Rc8 9. O-O e5 10. d5 g6 11. a4 Qb6 12. Na3 c4 13. Be3 Nc5 14. Nd2 Bg7 15. axb5 axb5 16. b4 cxb3 17. Nxb3 Nfd7 18. Nxc5 Nxc5 19. Qxb5+ Qxb5 20. Nxb5 Bf8 21. Ra7 Ba6 22. Nc7+ Rxc7 23. Rxc7 Bxf1 24. Kxf1 Be7 25. Rc8+ Bd8 26. Bg5 Kd7 27. Ra8 Re8 28. Be3 Bb6 29. Rxe8 Kxe8 30. Ke2 Kd7 31. Bxc5 Bxc5 32. f3 1/2-1/2


[Site "https://www.chess.com"]

[Event "Titled Tuesday Blitz March 07 Early 2023"]
[White "Yeletsky, Ivan"]
[Black "Strahov, Andrej"]
[WhiteFideId "24180327"]
[BlackFideId "4165489"]
[WhiteElo "2414"]
[BlackElo "2592"]
[Result "1-0"]
[Round "06"]
[TimeControl "180+2"]
[Date "2023.03.07"]
[WhiteClock "0:00:47"]
[BlackClock "0:00:41"]

1. c4 b6 2. Nc3 Bb7 3. e4 e5 4. Nf3 Nc6 5. a3 Nf6 6. b4 a5 7. b5 Nd4 8. d3 d6 9. Nxd4 exd4 10. Ne2 g6 11. Bb2 Bg7 12. Bxd4 O-O 13. Nc3 Qe7 14. Be2 Rae8 15. O-O Bh6 16. f4 Nd7 17. Nd5 Bxd5 18. cxd5 f5 19. Rc1 Nc5 20. e5 dxe5 21. Bxe5 Bg7 22. d4 Ne4 23. Rxc7 Qxc7 24. Bxc7 Nc3 25. Qd3 Nxe2+ 26. Kh1 Nxd4 27. Bxb6 Re4 28. d6 Rf7 29. h3 h6 30. Bxa5 Kh7 31. Bc7 Rd7 32. b6 Ne6 33. b7 Nxc7 34. b8=Q Ne6 35. Qc8 1-0


[Site "https://www.chess.com"]

[Event "Titled Tuesday Blitz March 07 Early 2023"]
[White "Ilinca Ilinca, Felix Antonio"]
[Black "Harsha Bharathakoti"]
[WhiteFideId "54764998"]
[BlackFideId "5078776"]
[WhiteElo "2031"]
[BlackElo "2481"]
[Result "0-1"]
[Round "06"]
[TimeControl "180+2"]
[Date "2023.03.07"]
[WhiteClock "0:00:35"]
[BlackClock "0:00:19"]

1. e4 c6 2. d4 d5 3. f3 g6 4. Nc3 Bg7 5. Be3 Qb6 6. Qd2 Qxb2 7. Rb1 Qa3 8. Bd3 Nf6 9. e5 Nfd7 10. h4 h5 11. Nh3 b5 12. e6 fxe6 13. Bxg6+ Kd8 14. Ng5 Nb6 15. Rb3 Qa5 16. Nf7+ Kd7 17. O-O Nc4 18. Qd3 Rf8 19. Bxh5 Na6 20. Bf2 Bf6 21. Re1 Nc7 22. g4 Ba6 23. g5 Bh8 24. Ne2 Qd2 25. Nf4 Qxf4 26. Nh6 Qd2 27. Qf1 Bxd4 28. Re2 Bxf2+ 29. Rxf2 Qd4 30. Rd3 Qxh4 31. Bg4 Qxg5 32. Qh3 Rh8 33. Nf7 Qc1+ 34. Qf1 Qxf1+ 35. Rxf1 Rhf8 36. Ng5 Ne5 37. Ra3 Nxg4 38. fxg4 Rg8 39. Nf3 Rxg4+ 40. Kf2 Rf4 41. Ke3 Re4+ 42. Kd2 b4 43. Rxa6 Nxa6 44. Ng5 Nc5 45. Rh1 Rg8 46. Nxe4 Nxe4+ 47. Kc1 Rg2 48. Kb2 c5 49. Kb3 Nc3 50. a3 a5 51. axb4 axb4 52. Ra1 Kd6 53. Ra6+ Ke5 54. Ra7 Kd4 55. Rxe7 e5 56. Re8 Rg1 57. Re7 Rb1# 0-1


[Site "https://www.chess.com"]